Map: Ruins of Seras

Players

Matiz - Winner!

  • Race: Zerg Zerg
  • League: Master

Orion

  • Race: Zerg Zerg
  • League: Platinum

Event: Lycan League Weekly August #3

VOD

Have the link to the VOD?

Description

Time

  • Played on: Aug. 17, 2015, 1:11 p.m.
  • Length: 7:01

All games in this series

Show
View Real Time Build Order
Export as new Build Order

Matiz Zerg - Winner!

Build Orders: Pool First 

Get SALT Encoding   

  12  0:01  Drone  
  13  0:13  Overlord  
  13  0:18  Drone  
  14  0:24  Extractor  
  14  0:26  Drone  
  15  0:32  Drone  
  16  0:36  Drone  
  17  0:49  Spawning Pool  
  16  0:50  Drone  
  16  0:56  Drone  
  18  1:01  Extractor  
  17  1:07  Drone  
  18  1:18  Drone  
  19  1:24  Hatchery  
  18  1:30  Drone  
  19  1:39  Queen  
  21  1:47  Overlord  
  21  1:52  Zergling x2  
  22  2:00  Metabolic Boost  
  22  2:06  Zergling x2  
  23  2:12  Drone  
  24  2:16  Queen  
  26  2:23  Drone, Baneling Nest  
  26  2:36  Drone  
  27  2:38  Drone  
  27  2:44  Drone  
  29  2:49  Drone x4  
  29  2:51  Drone  
  34  2:56  Evolution Chamber  
  33  3:04  Overlord  
  33  3:08  Drone x2  
  33  3:12  Drone  
  36  3:24  Zerg Ground Armor Level 1  
  36  3:25  Overlord, Drone  
  36  3:26  Drone  
  37  3:31  Drone x2  
  37  3:33  Drone  
  40  3:39  Zergling x2  
  41  3:42  Evolution Chamber, Drone x3  
  41  3:46  Drone x2  
  45  3:55  Extractor  
  44  4:01  Drone  
  45  4:03  Drone  
  45  4:07  Zergling x6  
  45  4:08  Hatchery  
  45  4:09  Drone  
  49  4:15  Zerg Melee Weapons Level 1  
  49  4:21  Overlord  
  49  4:23  Drone x2  
  49  4:24  Drone  
  52  4:29  Overlord  
  52  4:30  Lair  
  52  4:33  Overlord  
  52  4:38  Extractor  
  51  4:43  Zergling x2  
  51  4:44  Zergling x12  
  58  4:51  Baneling x3  
  58  4:53  Zergling x2  
  59  5:00  Zergling x2  
  59  5:01  Zergling x8  
  62  5:16  Drone x4  
  62  5:17  Extractor  
  62  5:20  Baneling x2  
  62  5:21  Baneling x4  
  64  5:22  Zergling x6  
  64  5:24  Queen  
  69  5:29  Zergling x4  
  69  5:31  Baneling x4  
  69  5:32  Zergling x2  
  69  5:33  Zergling x4  
  72  5:40  Extractor  
  67  5:52  Zergling x10  
  67  5:53  Zergling x10  
  67  5:55  Zergling x2  
  72  6:07  Spire  
  72  6:10  Zergling x6  
  73  6:18  Spore Crawler, Zergling x6  
  69  6:25  Baneling x2  
  70  6:26  Zergling x6  
  73  6:35  Zergling x2, Extractor  
  73  6:36  Zergling x8  
  73  6:42  Drone  
  73  6:44  Drone x4  
Show
View Real Time Build Order
Export as new Build Order

Orion Zerg 

Build Orders: Pool First 

Get SALT Encoding   

  12  0:01  Drone  
  13  0:12  Overlord  
  13  0:19  Drone  
  14  0:31  Drone x2  
  16  0:41  Spawning Pool  
  15  0:45  Drone  
  16  1:07  Hatchery  
  16  1:11  Drone  
  16  1:14  Drone  
  16  1:17  Drone  
  18  1:24  Drone  
  18  1:25  Extractor  
  18  1:35  Queen  
  20  1:40  Overlord  
  20  1:45  Drone  
  21  1:58  Drone  
  22  2:08  Drone  
  23  2:11  Queen  
  25  2:18  Drone  
  25  2:22  Overlord  
  26  2:30  Metabolic Boost  
  26  2:35  Drone x2  
  28  2:39  Drone  
  28  2:42  Drone  
  30  2:46  Drone x4  
  34  2:53  Zergling x4  
  36  2:59  Baneling Nest  
  36  3:02  Zergling x2  
  36  3:06  Overlord  
  36  3:16  Spine Crawler  
  39  3:20  Drone x5  
  39  3:23  Drone x2  
  42  3:36  Extractor x2  
  42  3:37  Extractor  
  38  3:43  Drone x5  
  38  3:44  Lair  
  38  3:45  Baneling x2  
  43  3:53  Drone x5  
  48  3:56  Drone x2  
  48  4:01  Overlord  
  51  4:10  Drone  
  51  4:23  Drone x2  
  53  4:25  Drone  
  53  4:26  Zergling x6  
  53  4:28  Hatchery  
  53  4:31  Overlord  
  55  4:45  Evolution Chamber  
  55  4:47  Spire  
  55  4:52  Drone  
  55  4:55  Zergling x2  
  55  4:56  Zergling x16  
  63  5:01  Overlord  
  63  5:06  Baneling x2  
  63  5:13  Extractor  
  61  5:14  Extractor  
  61  5:15  Zergling x8  
  62  5:25  Drone x2  
  64  5:29  Queen  
  64  5:31  Drone x6  
  61  5:50  Zergling x2  
  61  5:51  Zergling x8  
  61  5:54  Baneling x4  
  53  6:05  Zergling x4  
  53  6:06  Zergling x14  
  61  6:17  Queen  
  58  6:21  Mutalisk x3  
  58  6:24  Mutalisk  
  58  6:25  Mutalisk  
  68  6:28  Mutalisk  
  64  6:41  Zergling x2  
  64  6:42  Zergling x4  

Tags
 
Add a new tag
Caveats
  • Supply blocks, unpowered buildings, or Contaminate may cause inaccurate times.
  • Supply counts are checked every 10 seconds.